 Dungeon Crawl Stone Soup version 0.29.1-15-g9cfb28693d (webtiles) character file.

Game seed: 9606022010967399577

26 DemonSlayer the Digger (level 2, 0/19 HPs)
             Began as a Demonspawn Earth Elementalist on Apr 24, 2023.
             Killed from afar by a dart slug (6 damage)
             ... with a slug dart
             ... on level 2 of the Dungeon.
             The game lasted 00:01:20 (996 turns).

DemonSlayer the Digger (DsEE)                        Turns: 996, Time: 00:01:20

Health: 0/19       AC:  3    Str:  8    XL:     2   Next: 89%
Magic:  1/5        EV: 12    Int: 16    God:
Gold:   32         SH:  0    Dex: 13    Spells: 2/5 levels left

rFire   . . .      SeeInvis .   g - +0 short sword
rCold   . . .      Faith    .   (no shield)
rNeg    . . .      Spirit   .   a - +0 robe
rPois   .          Reflect  .   (no helmet)
rElec   .          Harm     .   (no cloak)
rCorr   .          Rampage  .   f - +0 pair of gloves
Will    .....                   (no boots)
Stlth   ++........              (no amulet)
HPRegen 0.06/turn               (no ring)
MPRegen 0.09/turn               (no ring)

@: no status effects
A: powered by pain 1
a: no special abilities


You were on level 2 of the Dungeon.
You visited 1 branch of the dungeon, and saw 2 of its levels.

You collected 32 gold pieces.

Inventory:

Hand Weapons
 g - a +0 short sword (weapon)
Armour
 a - a +0 robe (worn)
 f - a +0 pair of gloves (worn)
Potions
 b - a potion of magic
 c - a potion of haste {unknown}
 d - a potion of curing {unknown}
 e - a potion of resistance {unknown}


   Skills:
 + Level 1.9 Dodging
 + Level 2.2 Stealth
 + Level 2.1 Spellcasting
 + Level 0.8 Transmutations
 + Level 3.3 Earth Magic


You had 2 spell levels left.
You knew the following spells:

 Your Spells              Type           Power      Damage    Failure   Level
a - Sandblast             Erth           24%        2d8       5%          1
b - Passwall              Tmut/Erth      6%         N/A       13%         2

Your spell library contained the following spells:

 Spells                   Type           Power      Damage    Failure   Level
 Stone Arrow              Conj/Erth      14%        3d7       30%         3
 Petrify                  Tmut/Erth      8%         N/A       65%         4


Dungeon Overview and Level Annotations

Branches:
Dungeon (2/15)

Altars:


Innate Abilities, Weirdness & Mutations

You sometimes gain a little power by taking damage.


Message History

The slug dart hits you.
A quokka comes into view.
The hobgoblin hits you.
The blast of sand hits the hobgoblin.
The hobgoblin is almost dead.
The hobgoblin closely misses you.
You are out of magic!
You hit the hobgoblin but do no damage.
The hobgoblin is almost dead.
The hobgoblin completely misses you.
You closely miss the hobgoblin.
The hobgoblin is almost dead.
The hobgoblin closely misses you. The dart slug launches a dart at you.
The slug dart misses you.
The blast of sand hits the hobgoblin!
You kill the hobgoblin!
The quokka misses you. The quokka closely misses you.
You barely miss the quokka. The quokka completely misses you.
You closely miss the quokka. The quokka closely misses you.
You closely miss the quokka. The quokka bites you. x2
You closely miss the quokka. The quokka bites you.
You closely miss the quokka. The quokka bites you. The dart slug misses you.
You hit the quokka but do no damage. The quokka barely misses you.
The dart slug barely misses you. The quokka barely misses you.
You hit the quokka but do no damage. The quokka bites you.
* * * LOW HITPOINT WARNING * * *
The dart slug bites you but does no damage.
You hit the quokka.
The quokka is almost dead.
The quokka closely misses you.
You hit the quokka but do no damage.
The quokka is almost dead.
The quokka closely misses you. The dart slug misses you.
You closely miss the quokka.
The quokka is almost dead.
The quokka bites you but does no damage.
The dart slug launches a dart at you. The slug dart hits you.
You die...

#...........
#.........
#......†.
#......###
#........### .
#...<......# #..
#........#.#....
#........#.....#
######..@w......
#...r......
##..)......
..........
#.###...... ..
...... .#.
.####. ..#. .#


You could see a dart slug and a quokka.

Vanquished Creatures
  A dart slug (D:2)
  5 ball pythons (D:1)
  An endoplasm (D:1)
  A giant cockroach (D:1)
  6 hobgoblins
  2 kobolds
  2 bats (D:1)
  2 frilled lizards
  A goblin (D:1)
21 creatures vanquished.

Notes
Turn   | Place    | Note
-------+----------+-------------------------------------------
     0 | D:1      | DemonSlayer the Demonspawn Earth Elementalist began the
                  | quest for the Orb.
     0 | D:1      | Reached XP level 1. HP: 13/13 MP: 3/3
   408 | D:1      | Reached skill level 3 in Earth Magic
   408 | D:1      | Gained mutation: You sometimes gain a little power by
                  | taking damage. [demonic ancestry]
   408 | D:1      | Reached XP level 2. HP: 19/19 MP: 3/5
   920 | D:1      | Learned a level 2 spell: Passwall
   996 | D:2      | Killed from afar by a dart slug

Illustrated notes

Levels and vault maps discovered:
D:1:      psy_arrival_conway, layout_loops_ring
D:2:      layout_basic, hellmonk_ecumenical_altar_zigzags, basic_altar,
          uniq_sigmund

Skill      XL: |  1 |
---------------+----+-----
Stealth        | 2 |  2.2
Earth Magic    | 3 |  3.3
Dodging        | |  1.9
Spellcasting   | |  2.1
Transmutations | |  0.8

Action                   || total
-------------------------++-------
Melee: Short sword       ||    12
 Cast: Sandblast         ||    30
Armor: Robe              ||     3
Dodge: Dodged            ||    20
